 Dungeon Crawl Stone Soup version 0.23-a0-32-g1388f29 (webtiles) character file.

2025653 kuniqs the Talismancer (level 27, 298/298 HPs)
             Began as a Deep Dwarf Fighter on Aug 4, 2018.
             Was the Champion of Makhleb.
             Escaped with the Orb
             ... and 3 runes on Aug 7, 2018!
             The game lasted 01:56:24 (50706 turns).

kuniqs the Talismancer (Deep Dwarf Fighter)        Turns: 50706, Time: 01:56:25

Health: 298/298    AC: 49    Str: 31    XL:     27
Magic:  29/29      EV: 12    Int: 13    God:    Makhleb [******]
Gold:   4867       SH: 29    Dex: 15    Spells: 26/26 levels left

rFire    + + +     SeeInvis +   r - +8 war axe (vamp)
rCold    + . .     Gourm    .   W - +0 large shield
rNeg     + + .     Faith    .   Q - +7 gold dragon scales
rPois    +         Spirit   .   e - +3 crown of Dyrovepreva {rElec Int+2 SInv}
rElec    +         Reflect  +   S - +1 cloak {rC+}
rCorr    .         Harm     .   I - +1 pair of gloves {Dex+3}
MR       ++++.                  C - +2 pair of boots of Henotheism {rN+}
Stlth    ..........             a - +4 amulet of reflection (curse)
HPRegen  0.00/turn              l - +5 ring of protection
MPRegen  0.21/turn              R - ring "Roadaer" {Fire Slay+6}

@: non-regenerating
A: damage resistance, heal wounds, blurry vision 1, fire resistance 1, negative
energy resistance 1, sense surroundings 3, no regeneration
0: Orb of Zot
}: 3/15 runes: decaying, silver, gossamer
a: Heal Wounds, Minor Destruction, Lesser Servant of Makhleb, Major Destruction,
Greater Servant of Makhleb, Renounce Religion


You escaped.
You worshipped Makhleb.
Makhleb was exalted by your worship.
You were very full.

You visited 10 branches of the dungeon, and saw 50 of its levels.
You visited the Abyss 1 time.
You also visited: Trove, Ice Cave, Wizlab and Desolation.

You collected 8080 gold pieces.
You spent 3213 gold pieces at shops.

Inventory:

Hand Weapons
 r - a +8 vampiric war axe (weapon)
Missiles
 s - 5 throwing nets (quivered)
Armour
 e - the +3 crown of Dyrovepreva (worn) {rElec Int+2 SInv}
   (You found it on level 3 of the Elven Halls)

   It affects your intelligence (+2).
   It insulates you from electricity.
   It lets you see invisible.
 C - the +2 pair of boots of Henotheism (worn) {rN+}
   (You found it on level 7 of the Dungeon)

   It protects you from negative energy.
 I - a +1 pair of gloves of dexterity (worn)
 Q - +7 gold dragon scales (worn)
 S - a +1 cloak of cold resistance (worn)
 W - a +0 large shield (worn)
Jewellery
 a - a cursed +4 amulet of reflection (around neck)
 l - a +5 ring of protection (left hand)
 R - the ring "Roadaer" (right hand) {Fire Slay+6}
   (You took it off a servant of whispers in the Desolation of Salt)

   [ring of fire]

   It enhances your fire magic.
   It affects your accuracy and damage with ranged weapons and melee attacks
   (+6).
   It protects you from fire.
   It makes you vulnerable to cold.
Wands
 u - a wand of scattershot (12)
 v - a wand of iceblast (1)
 B - a wand of digging (75)
 D - a wand of enslavement (23)
 H - a wand of disintegration (53)
 P - a wand of paralysis (19)
 V - a wand of polymorph (29)
 Y - a wand of acid (28)
Scrolls
 h - 22 scrolls of remove curse {@r2}
 j - a scroll of enchant armour
 m - 2 scrolls of silence
 n - 4 scrolls of blinking
 o - 7 scrolls of fog
 q - 10 scrolls of teleportation
 t - 7 scrolls of fear
 y - a scroll of immolation
 G - 2 scrolls of magic mapping
 K - 6 scrolls of vulnerability
 L - 3 scrolls of holy word
 X - 6 scrolls of identify {@r1}
Potions
 b - 6 potions of lignification
 d - 4 potions of might
 g - 15 potions of curing {@q1}
 k - 12 potions of agility
 p - 9 potions of heal wounds
 w - 4 potions of resistance
 z - 7 potions of flight
 A - 6 potions of mutation
 E - 7 potions of haste
 F - 5 potions of cancellation
 M - 3 potions of invisibility
Miscellaneous
 i - 4 boxes of beasts
 x - a lamp of fire
 N - 3 sacks of spiders
 T - 2 phantom mirrors
 U - a lightning rod (4/4)
 Z - a fan of gales
Comestibles
 f - 94 rations


   Skills:
 O Level 27 Fighting
 - Level 16.0 Axes
 - Level 22.0 Armour
 - Level 10.0 Dodging
 + Level 20.0 Shields
 - Level 8.0 Invocations
 O Level 27 Evocations


You had 26 spell levels left.
You didn't know any spells.
Your spell library was empty.

Dungeon Overview and Level Annotations

Branches:
Dungeon (15/15)            Temple (1/1) D:4            Lair (6/6) D:11
  Swamp (4/4) Lair:4       Spider (4/4) Lair:2        Slime (0/5) Lair:5
    Orc (2/2) D:11            Elf (3/3) Orc:2        Vaults (5/5) D:13
  Crypt (0/3) Vaults:3     Depths (5/5) D:15            Zot (5/5) Depths:5

Altars:
Ashenzari
Cheibriados
Dithmenos
Elyvilon
Fedhas
Gozag
Hepliaklqana
Kikubaaqudgha
Makhleb
Nemelex Xobeh
Okawaru
Qazlal
Ru
Sif Muna
Trog
Uskayaw
Vehumet
Wu Jian
Xom
Yredelemnul
Zin
The Shining One
Jiyva
Lugonu

Shops:
D:4 =   D:9 [   D:13 }   Orc:2 *[:(   Elf:1 :   Elf:3 }   Vaults:2 *
Vaults:3 %   Depths:2 (

Portals:
Hell: Depths:1 Depths:2 Depths:3 Depths:4 Depths:5
Abyss: Depths:2 Depths:3 Depths:4 Depths:5
Pandemonium: Depths:1 Depths:3
Ziggurat: Depths:4

Annotations:
D:6 1 runed door, Kuinu's ghost, novice DrWr
Lair:2 3 runed doors, Depyiwoq's ghost, journeyman TrEE
Lair:3 1 runed door, Bouck's ghost, journeyman MiBe
Lair:6 1 runed door
Swamp:4 exclusion: Roxanne, Roxanne
Elf:2 3 runed doors
Depths:1 exclusion: orange crystal statue
Depths:2 3 runed doors, Meatbag's ghost, adept MiBe
Zot:5 3 runed doors, ximxim's ghost, legendary DEFE


Innate Abilities, Weirdness & Mutations

You are resistant to damage.
You can heal yourself by infusing magical energy.
You resist negative energy. (rN+)
You passively map a large area around you.
You do not regenerate.
Scrolls take you a little longer to read.
Your flesh is heat resistant. (rF+)


Message History

(N) Spider Nest (M) Slime Pits (O) Orcish Mines (E) Elv'n Halls (V) Vaults (C) Crypt (U) Depths (H) Hell (Z) Zot Where ta? (Enter - D:1, ? - help) Thin's tha be 'ere: 2 tomahawks; a stone Items 'ere: ))) [[ a scale mail; a hand axe; a robe; a dagger; a club Thar be an op'n door 'ere.
Thar be a stone staircase leadin' up 'ere.
Ye climb upwards.
Thar be a stone staircase leadin' down 'ere.
Thar be a stone staircase leadin' up 'ere.
Ye climb upwards.
Thar be a stone staircase leadin' down 'ere.
Thar be an op'n door 'ere.
Thar be an op'n door 'ere.
Thar be an op'n door 'ere.
Thar be a staircase leadin' outta tha dungeon 'ere.
Ye haf 'scaped!

.........#.............# #
.......###.###########.# #
.รท...).# #..#.......#..# #
.......# #.#.#######.#.##########
.......###.##.......##.#.......##
######...#.#.###'###.#.#...###.##
# #.###.#.#.....#.#.###.# #.## #
#.###.#.#.....#.#.###.# #.## #
#.'.'.#.+..@..+.#.'.'.# #.## #
#####.#.#.....#.#.##### #.## #
#.#.#.....#.#.# ##.## #
#.#.###+###.#.# ##..##
#.##.......##.# ###..###
####.#.#######.#.###...## #
#..#..#.......#..#...######
#.##.###########.#.........
##.##.............##########


There were no monsters in sight!

Vanquished Creatures
  4 ancient liches
  Mennas (Depths:4)
  4 orbs of fire the Lernaean hydra (Swamp:4)
  6 Killer Klowns
  2 caustic shrikes (Depths:4)
  2 curse toes
  Nikola (Depths:1)
  14 golden dragons
  5 electric golems
  Arachne (Spider:3)
  20 tentacled monstrosities
  26 Orb Guardians
  A lich (Vaults:5)
  2 deep elf master archers (Elf:3)
  4 titans (Vaults:5)
  4 quicksilver dragons
  10 acid blobs
  A tentacled starspawn (Abyss:2)
  7 sphinxes
  2 deep elf blademasters (Elf:3)
  Kirke (D:15)
  6 death cobs
  Frances (Swamp:1)
  8 shadow dragons
  10 tengu reavers
  17 storm dragons
  7 draconian monks
  9 draconian knights
  8 iron dragons
  12 fire giants
  7 deep elf sorcerers
  11 frost giants
  7 ghost moths
  11 draconian scorchers
  Louise (Elf:2)
  5 draconian stormcallers
  3 emperor scorpions (Spider:4)
  5 deep elf elementalists
  15 vault wardens
  A spriggan defender (Depths:4)
  5 draconian shifters
  17 ironheart preservers
  A war gargoyle (Vaults:5)
  9 draconian annihilators
  20 very ugly things
  5 entropy weavers
  21 stone giants
  3 deep elf demonologists (Elf:3)
  8 deep elf annihilators
  14 green draconians
  A halazid warlock (Desolation)
  3 vampire knights
  11 black draconians
  8 white draconians
  10 spark wasps
  21 yellow draconians
  18 purple draconians
  12 deep elf death magi
  11 red draconians
  17 ettins
  2 blizzard demons (IceCv)
  3 crystal guardians (Desolation)
  7 ragged hierophants (Desolation)
  9 fire dragons
  2 deep elf high priests (Elf:3)
  8 rakshasas
  13 ice dragons
  24 vault guards (Vaults:5)
  7 peacekeepers (Desolation)
  12 yaktaur captains
  6 servants of whispers (Desolation)
  Harold (D:11)
  6 great orbs of eyes
  20 hydras
  A hell beast (Depths:3)
  4 spriggan air magi
  2 death knights
  2 ghost crabs
  11 centaur warriors
  3 alligators
  14 ogre magi
  20 dancing weapons
  7 deep troll shamans
  An alligator (shapeshifter) (Depths:4)
  A catoblepas (Lair:6)
  42 two-headed ogres
  4 tengu warriors
  3 orc high priests
  5 death yaks
  10 deep troll earth magi
  4 spriggan berserkers
  2 soul eaters
  A fire crab (shapeshifter) (Elf:2)
  12 deep elf knights
  3 skeletal warriors
  3 shadow wraiths
  4 iron trolls (Depths:2)
  A sea snake (Lair:5)
  A spatial maelstrom (Abyss:2)
  5 flayed ghosts
  A swamp dragon (shapeshifter) (Vaults:5)
  A spark wasp zombie (D:15)
  33 deep trolls
  9 glowing orange brains
  12 deep elf archers
  10 unseen horrors
  2 spriggan druids (Swamp:3)
  22 ironbrand convokers
  5 harpies
  9 swamp dragons
  3 shambling mangroves (Swamp:3)
  5 wizards
  4 phantasmal warriors
  35 wolf spiders
  44 deep elf magi
  A harpy (shapeshifter) (Depths:2)
  A shadow dragon zombie (D:15)
  5 necromancers
  A stone giant zombie (Vaults:5)
  17 orc knights
  A fire giant zombie (Vaults:1)
  21 orb spiders
  29 ugly things
  5 oklob plants (Zot:1)
  A worldbinder (Abyss:2)
  28 moths of wrath
  A salamander (Depths:2)
  5 orc sorcerers
  5 cyclopes
  4 black mambas
  6 guardian serpents
  A rust devil (Depths:3)
  12 vault sentinels
  3 elephants (Lair:4)
  A molten gargoyle (Desolation)
  An ice statue (IceCv)
  3 gargoyles
  A guardian serpent (shapeshifter) (Vaults:2)
  A storm dragon simulacrum (Vaults:2)
  2 yaktaur zombies
  9 torpor snails
  A black mamba (shapeshifter) (Vaults:4)
  5 spectral swamp worms (Depths:1)
  A smoke demon (Depths:2)
  A hellion (D:15)
  An orc skeleton (Vaults:2)
  5 kobold demonologists
  9 freezing wraiths
  2 rime drakes
  10 spiny frogs
  3 centaur skeletons
  6 komodo dragons
  45 yaktaurs
  14 demonic crawlers
  2 efreet (D:13)
  2 anaconda simulacra (IceCv)
  A hellwing (Depths:5)
  A golden dragon simulacrum (IceCv)
  4 tengu conjurers
  17 trolls
  8 ice devils
  A queen bee (Lair:2)
  3 red devils
  33 jumping spiders
  A guardian mummy (Zot:1)
  16 tyrant leeches
  A queen bee (shapeshifter) (Vaults:5)
  42 slime creatures
  35 hornets
  5 meliai
  9 polar bears (Lair:6)
  A harpy skeleton (D:15)
  2 raiju (Lair:6)
  A jumping spider (shapeshifter) (Vaults:4)
  49 saltlings (Desolation)
  14 blink frogs
  5 dream sheep (Lair:6)
  4 slime creatures (shapeshifter)
  5 bog bodies
  10 hippogriffs
  An ettin zombie (Vaults:2)
  2 yaks (shapeshifter) (Vaults:1)
  14 spriggans
  4 air elementals
  A shadow (Swamp:2)
  A spriggan (shapeshifter) (Elf:1)
  An ettin skeleton (Vaults:1)
  78 redbacks
  8 small abominations
  5 starcursed masses (Abyss:2)
  32 tarantellas
  5 wyverns
  2 dire elephant simulacra (IceCv)
  6 wraiths
  43 yaks
  A hog (shapeshifter) (Depths:1)
  22 vampire mosquitoes
  15 large abominations
  3 fire elementals
  7 hogs (D:15)
  9 water elementals
  A basilisk (Lair:1)
  3 iron troll simulacra (IceCv)
  9 wargs
  A chaos spawn (Depths:2)
  5 harpy simulacra (IceCv)
  2 yaktaur simulacra
  A soldier ant (shapeshifter) (Vaults:5)
  5 insubstantial wisps (Swamp:2)
  5 acid dragons
  16 swamp worms
  9 water moccasins
  3 hydra simulacra (IceCv)
  14 black bears
  20 hell hounds
  43 orc warriors
  12 porcupines
  12 swamp drakes
  8 ice beasts
  An elf zombie (Vaults:2)
  A necrophage (D:6)
  2 phantoms
  3 sky beasts
  4 ettin simulacra
  A black bear (shapeshifter) (Elf:3)
  An eye of draining (shapeshifter) (Depths:3)
  47 ogres
  4 boggarts
  27 centaurs
  12 wolves (Lair:6)
  9 crocodiles
  3 big kobolds
  14 bullfrogs
  A wyvern zombie (D:7)
  2 human skeletons (Vaults:1)
  An earth elemental (Elf:2)
  A glowing shapeshifter simulacrum (Vaults:2)
  5 scorpions
  An orc simulacrum (Vaults:2)
  2 tengu zombies
  37 killer bees
  8 wights
  3 electric eels
  3 howler monkeys (D:8)
  11 crimson imps
  3 bullfrog zombies
  3 draconian simulacra (IceCv)
  3 centaur zombies
  A quasit (Depths:1)
  6 hounds
  25 jellies
  27 orc priests
  6 bullfrog skeletons
  23 orc wizards
  2 iron imps (Abyss:2)
  8 worker ants
  3 iguanas
  Ijyb (D:3)
  A spriggan simulacrum (IceCv)
  A troll simulacrum (IceCv)
  A polar bear simulacrum (IceCv)
  2 wolf simulacra (IceCv)
  4 centaur simulacra (IceCv)
  A hound zombie (D:5)
  2 hound skeletons
  A worker ant zombie (D:7)
  A howler monkey skeleton (D:4)
  A naga simulacrum (IceCv)
  2 ogre simulacra (IceCv)
  14 adders
  2 shadow imps
  6 white imps
  9 ufetubi (IceCv)
  2 oozes
  An adder zombie (D:5)
  3 worms
  7 leopard geckos
  102 orcs
  12 bats
  5 giant cockroaches
  10 goblins
  7 hobgoblins
  18 jackals
  6 quokkas
  2 ball pythons
  4 frilled lizards
  A jackal zombie (D:5)
  13 kobolds
  5 rats
  3 crawling corpses
  4 fungi
  9 plants
  A withered plant (D:15)
2506 creatures vanquished.

Vanquished Creatures (collateral kills)
  A shadow dragon (D:13)
  4 death yaks (Lair:3)
  A lindwurm (Lair:5)
  An orc knight (Vaults:4)
  A jumping spider (Vaults:4)
  A hippogriff (Lair:3)
  A redback (Vaults:4)
  A wolf (Lair:6)
11 creatures vanquished.

Vanquished Creatures (others)
  A shadow dragon (Zot:2)
  A draconian knight (Zot:1)
  2 stone giants
  3 very ugly things
  An entropy weaver (Vaults:4)
  A vampire knight (Depths:2)
  A deep elf high priest (Vaults:5)
  An ettin (Depths:1)
  A deep troll shaman (Vaults:2)
  A deep elf archer (Elf:3)
  A deep elf mage (Elf:1)
  An ugly thing (Depths:1)
  5 yaktaurs
  A jumping spider (Spider:2)
  A hornet (Depths:5)
  A redback (Spider:2)
  3 boggarts (Depths:1)
  A worker ant (D:13)
  A kobold (D:11)
  3 fungi (Lair:6)
  21 plants
  2 starspawn tentacles (Abyss:2)
  2 withered plants (D:15)
56 creatures vanquished.

Grand Total: 2573 creatures vanquished

Notes
Turn   | Place    | Note
-------+----------+-------------------------------------------
     0 | D:1      | kuniqs the Deep Dwarf Fighter began the quest for the Orb.
     0 | D:1      | Reached XP level 1. HP: 20/20 MP: 1/1
   121 | D:1      | Reached XP level 2. HP: 25/27 MP: 2/2
   202 | D:1      | Reached skill level 1 in Dodging
   242 | D:1      | Reached XP level 3. HP: 22/33 MP: 3/3
   669 | D:2      | Noticed a scorpion
   683 | D:2      | Killed a scorpion
   683 | D:2      | Reached XP level 4. HP: 37/42 MP: 4/4
   811 | D:2      | Noticed an ogre
   866 | D:2      | Killed an ogre
   866 | D:2      | Reached XP level 5. HP: 32/49 MP: 4/4
  1479 | D:3      | Reached XP level 6. HP: 56/56 MP: 5/5
  1687 | D:3      | Noticed Ijyb
  1840 | D:4      | Found Emacut Bycu's Jewellery Shop.
  1912 | D:4      | Reached XP level 7. HP: 43/64 MP: 5/5
  1917 | D:4      | Reached skill level 5 in Shields
  2006 | D:4      | Reached skill level 5 in Armour
  2063 | D:4      | Reached skill level 1 in Evocations
  2114 | D:4      | Found a staircase to the Ecumenical Temple.
  2122 | Temple   | Entered the Ecumenical Temple
  2226 | Temple   | Became a worshipper of Makhleb the Destroyer
  2606 | D:3      | Killed Ijyb
  3083 | D:5      | Entered Level 5 of the Dungeon
  3225 | D:5      | Reached skill level 1 in Invocations
  3322 | D:5      | Reached XP level 8. HP: 60/73 MP: 7/7
  3518 | D:5      | Reached skill level 5 in Axes
  3641 | D:5      | Reached * piety under Makhleb
  4121 | D:6      | Found an iron altar of Okawaru.
  4138 | D:6      | Noticed Kuinu's ghost (novice DrWr)
  4139 | D:6      | Found a runed door.
  4269 | D:6      | Reached skill level 5 in Fighting
  4605 | D:6      | Reached skill level 5 in Dodging
  4610 | D:6      | Gained mutation: You passively map the area around you. [Deep Dwarf growth]
  4610 | D:6      | Reached XP level 9. HP: 49/81 MP: 8/10
  5349 | D:7      | Reached ** piety under Makhleb
  5443 | D:7      | Got a pair of bloodstained boots
  5477 | D:7      | Found a shadowy altar of Dithmenos.
  5645 | D:7      | Reached skill level 5 in Evocations
  5742 | D:8      | Reached skill level 5 in Invocations
  5919 | D:8      | Identified the +2 pair of boots of Henotheism {rN+} (You found it on level 7 of the Dungeon)
  5929 | D:8      | Reached *** piety under Makhleb
  5929 | D:8      | Reached XP level 10. HP: 85/91 MP: 11/11
  6117 | D:8      | Found a shattered altar of Ashenzari.
  6424 | D:9      | Found Idiruwet's Armour Shoppe.
  6431 | D:9      | Bought a +2 chain mail of magic resistance for 344 gold pieces
  7249 | D:10     | Entered Level 10 of the Dungeon
  7574 | D:10     | Got a bloodstained long sword
  7639 | D:10     | Reached **** piety under Makhleb
  8080 | D:11     | Reached XP level 11. HP: 94/99 MP: 13/13
  8246 | D:11     | Found a staircase to the Lair.
  8295 | D:11     | Noticed a two-headed ogre
  8311 | D:11     | Killed a two-headed ogre
  8434 | D:11     | Noticed a two-headed ogre
  8444 | D:11     | Killed a two-headed ogre
  8454 | D:11     | Reached ***** piety under Makhleb
  8558 | D:11     | Killed an unseen horror
  8587 | D:11     | Noticed a two-headed ogre
  8592 | D:11     | Killed a two-headed ogre
  8624 | D:11     | Noticed a sun demon
  8631 | D:11     | Noticed a soul eater
  8788 | D:11     | Found a staircase to the Orcish Mines.
  8825 | D:11     | Noticed a soul eater
  8842 | D:11     | Noticed Harold
  8862 | D:11     | Killed Harold
  8891 | D:11     | Reached XP level 12. HP: 110/110 MP: 15/15
  9466 | Lair:1   | Entered Level 1 of the Lair of Beasts
  9665 | Lair:1   | Identified the +7 long sword "Xejuco" {distort, rElec Str+7 Int-3} (You found it on level 10 of the Dungeon)
  9666 | Lair:1   | WHEW
 10396 | Lair:2   | You fall through a shaft for 2 floors!
 10444 | Lair:4   | Found a staircase to the Swamp.
 10449 | Lair:5   | Noticed Josephine
 10847 | Lair:2   | Reached skill level 10 in Evocations
 11176 | Lair:2   | Reached skill level 10 in Shields
 11490 | Lair:2   | Found a runed gate.
 11490 | Lair:2   | Found a runed gate.
 11490 | Lair:2   | Found a runed gate.
 11493 | Lair:2   | Noticed Depyiwoq's ghost (journeyman TrEE)
 11543 | Lair:2   | Found a hole to the Spider Nest.
 11553 | Lair:2   | Reached skill level 10 in Armour
 11830 | Lair:3   | Found a runed door.
 11830 | Lair:3   | Found a shimmering altar of Xom.
 11830 | Lair:3   | Noticed Bouck's ghost (journeyman MiBe)
 11880 | Lair:3   | Noticed a death yak
 11894 | Lair:3   | Noticed a death yak
 11897 | Lair:3   | Killed a death yak
 11898 | Lair:3   | Noticed a death yak
 11898 | Lair:3   | Noticed a death yak
 11900 | Lair:3   | Noticed a death yak
 11901 | Lair:3   | Noticed a death yak
 11907 | Lair:3   | Killed a death yak
 11907 | Lair:3   | Reached skill level 10 in Axes
 11910 | Lair:3   | Killed a death yak
 11912 | Lair:3   | Killed a death yak
 11913 | Lair:3   | Killed a death yak
 11913 | Lair:3   | Reached XP level 13. HP: 87/118 MP: 16/18
 12626 | Lair:5   | Noticed Urug
 12630 | Lair:5   | Noticed Urug
 12630 | Lair:5   | Urug changed into Urug the lindwurm
 12640 | Lair:5   | Killed Urug the lindwurm
 13113 | Lair:5   | Reached skill level 10 in Dodging
 13140 | Lair:5   | Found a viscous altar of Jiyva.
 13140 | Lair:5   | Found a staircase to the Slime Pits.
 13326 | Lair:5   | Noticed Josephine
 13326 | Lair:5   | Josephine changed into Josephine the sea snake
 13336 | Lair:5   | Killed Josephine the sea snake
 13378 | Lair:6   | Entered Level 6 of the Lair of Beasts
 13615 | Lair:6   | Reached ****** piety under Makhleb
 14145 | Lair:6   | Gained mutation: You resist negative energy. (rN+) [Deep Dwarf growth]
 14145 | Lair:6   | Reached XP level 14. HP: 106/130 MP: 20/20
 14605 | Lair:6   | Found a runed door.
 14978 | D:12     | Reached skill level 10 in Fighting
 15444 | D:12     | Found a portal to a secret trove of treasure.
 15687 | D:13     | Found a gate to the Vaults.
 15765 | D:13     | Noticed a shadow dragon
 15779 | D:13     | Killed a shadow dragon
 15849 | D:13     | Noticed a fire giant
 15879 | D:13     | Killed a fire giant
 15890 | D:13     | Found Xepolyuf's Gadget Emporium.
 15893 | D:13     | Bought a wand of acid (9) for 468 gold pieces
 16426 | D:14     | Reached XP level 15. HP: 140/140 MP: 20/20
 16941 | D:15     | Entered Level 15 of the Dungeon
 17083 | D:15     | Found a staircase to the Depths.
 17233 | D:15     | Noticed Kirke
 17240 | D:15     | Killed Kirke
 18151 | Orc:1    | Entered Level 1 of the Orcish Mines
 18151 | Orc:1    | Found a burning altar of Makhleb.
 18524 | Orc:2    | Entered Level 2 of the Orcish Mines
 18606 | Orc:2    | Found Awuarato's Antique Armour Emporium.
 18636 | Orc:2    | Found Gesoer's Antique Weapon Shoppe.
 18723 | Orc:2    | Found Tuqap's General Store.
 18824 | Orc:2    | Found Xiaseuj's Book Emporium.
 18827 | Orc:2    | Noticed an orc warlord
 18855 | Orc:1    | Noticed a sphinx
 18855 | Orc:1    | an orc warlord changed into a sphinx
 18868 | Orc:1    | Killed a sphinx
 18892 | Orc:2    | Cast into level 2 of the Abyss (orc sorcerer)
 19023 | Abyss:2  | Noticed a tentacled starspawn
 19035 | Abyss:2  | Killed a tentacled starspawn
 19137 | Orc:2    | Escaped the Abyss
 19262 | Orc:2    | Found a staircase to the Elven Halls.
 19703 | Spider:1 | Entered Level 1 of the Spider Nest
 19882 | Spider:1 | Reached XP level 16. HP: 151/151 MP: 21/21
 20142 | D:13     | Bought a sack of spiders for 360 gold pieces
 20142 | D:13     | Bought a wand of paralysis (10) for 216 gold pieces
 20765 | Spider:2 | Reached skill level 15 in Evocations
 21516 | Spider:3 | Paralysed by a hornet for 1 turns
 21612 | Spider:3 | Noticed Arachne
 21630 | Spider:3 | Killed Arachne
 22750 | Spider:4 | Entered Level 4 of the Spider Nest
 22850 | Spider:4 | Found a frozen archway.
 22862 | IceCv    | Entered an ice cave
 23609 | Spider:4 | Reached XP level 17. HP: 162/162 MP: 22/22
 24462 | Spider:4 | Reached skill level 15 in Shields
 24672 | Spider:4 | Got a gossamer rune of Zot
 25049 | Swamp:1  | Entered Level 1 of the Swamp
 25127 | Swamp:1  | Got a jewelled spear
 25128 | Swamp:1  | Identified the +1 spear "Mud Pie of Death" {venom, *Noise +Blink Int-5 Dex+8} (You found it on level 1 of the Swamp)
 25186 | Swamp:1  | Reached skill level 15 in Armour
 25252 | Swamp:1  | Noticed Frances
 25414 | Swamp:1  | Identified a scroll of acquirement
 25567 | Swamp:1  | Noticed a tentacled monstrosity
 25581 | Swamp:1  | Killed a tentacled monstrosity
 25581 | Swamp:1  | Reached skill level 15 in Axes
 25693 | Swamp:1  | Killed Frances
 27132 | Swamp:3  | Gained mutation: You passively map a large area around you. [Deep Dwarf growth]
 27132 | Swamp:3  | Reached XP level 18. HP: 128/171 MP: 23/23
 27390 | Swamp:4  | Entered Level 4 of the Swamp
 27682 | Swamp:4  | Noticed Roxanne
 27816 | Swamp:4  | Noticed the 27-headed Lernaean hydra
 28093 | Swamp:4  | Killed the 27-headed Lernaean hydra
 28219 | Swamp:4  | Got a decaying rune of Zot
 28804 | D:4      | Bought an uncursed ring of protection from fire for 275 gold pieces
 29013 | Vaults:1 | Entered Level 1 of the Vaults
 29101 | Vaults:1 | Found a magical portal.
 29115 | WizLab   | Entered Iskenderun's Mystic Tower
 30094 | D:12     | You paid a toll of +2 fire dragon scales to enter a treasure trove
 30095 | Trove    | Entered a treasure trove
 30143 | D:12     | MEH?
 30741 | Vaults:2 | Found Meuluqiu's Assorted Antiques.
 30772 | Vaults:2 | Bought a scroll of enchant armour for 337 gold pieces
 30772 | Vaults:2 | Bought a runed copper amulet for 225 gold pieces
 30883 | Vaults:2 | Reached XP level 19. HP: 182/182 MP: 25/25
 32329 | Vaults:3 | Found Xeexzol's Food Boutique.
 32544 | Vaults:3 | Found a staircase to the Crypt.
 32544 | Vaults:3 | Found an ancient bone altar of Kikubaaqudgha.
 32545 | Vaults:3 | Found a basalt altar of Yredelemnul.
 33391 | Vaults:4 | Reached skill level 15 in Fighting
 33414 | Vaults:4 | Reached XP level 20. HP: 194/194 MP: 26/26
 34303 | Vaults:5 | Entered Level 5 of the Vaults
 34640 | Vaults:5 | Reached XP level 21. HP: 204/204 MP: 27/27
 34674 | Vaults:5 | Noticed a golden dragon
 34687 | Vaults:5 | Killed a golden dragon
 34691 | Vaults:5 | Identified the amulet of Wumeod {Spirit *Drain Str+2 Dex+8 Stlth-} (You took it off a fire giant on level 5 of the Vaults)
 34700 | Vaults:5 | Noticed an ancient lich
 34712 | Vaults:5 | Killed an ancient lich
 34989 | Vaults:5 | Identified the cursed +1 chain mail "Oxiaso" {+Inv rN++} (You found it on level 5 of the Vaults)
 35004 | Vaults:5 | Noticed a golden dragon
 35015 | Vaults:5 | Killed a golden dragon
 35090 | Vaults:5 | Reached XP level 22. HP: 205/216 MP: 27/27
 35171 | Vaults:5 | Got a silver rune of Zot
 36154 | Elf:1    | Entered Level 1 of the Elven Halls
 36226 | Elf:1    | Found a ruined gateway.
 36231 | Desolati | Entered the Desolation of Salt
 36394 | Desolati | Got a serpentine copper ring
 36396 | Desolati | Got a scintillating iron ring
 36397 | Desolati | Identified the ring "Wuris" {Wiz rF- MR+++ Str+2 Dex+3} (You found it in the Desolation of Salt)
 36399 | Desolati | Identified the ring of Yendor {rCorr rN+ Str+2} (You found it in the Desolation of Salt)
 36503 | Desolati | Got a fine diamond amulet
 36511 | Desolati | Got a fine lapis lazuli ring
 36517 | Desolati | Identified the amulet of Poyg {+Rage rPois Dex+4} (You took it off a servant of whispers in the Desolation of Salt)
 36521 | Desolati | Identified the ring "Roadaer" {Fire Slay+6} (You took it off a servant of whispers in the Desolation of Salt)
 36846 | Elf:1    | Found Pydwuipp's Book Shop.
 37617 | Elf:1    | Got a scorched bone ring
 37619 | Elf:1    | Identified the ring "Wuexung" {rF+ Str-3 Int+3 Dex+2} (You found it on level 1 of the Elven Halls)
 37754 | Elf:2    | Found a radiant altar of Vehumet.
 37822 | Elf:2    | Found a runed gate.
 37824 | Elf:2    | Found a runed gate.
 37824 | Elf:2    | Found a runed gate.
 38023 | Elf:2    | Noticed Louise
 38037 | Elf:2    | Killed Louise
 38259 | Elf:3    | Entered Level 3 of the Elven Halls
 38627 | Elf:3    | Reached XP level 23. HP: 226/226 MP: 29/29
 38645 | Elf:3    | Found the +3 crown of Dyrovepreva {rElec Int+2 SInv}
 38708 | Elf:3    | Identified the Volume of Spatial Confrontation
 38934 | Elf:3    | Found Ethim's Gadget Shop.
 38941 | Elf:3    | Bought a wand of acid (12) for 416 gold pieces
 38941 | Elf:3    | Bought a sack of spiders for 260 gold pieces
 38941 | Elf:3    | Bought a wand of scattershot (4) for 312 gold pieces
 39694 | Depths:1 | Entered Level 1 of the Depths
 39695 | Depths:1 | Found a gateway to Hell.
 40091 | Depths:1 | Noticed Nikola
 40128 | Depths:1 | Killed Nikola
 40434 | Depths:1 | Found a one-way gate leading to the halls of Pandemonium.
 40719 | Depths:2 | Found Pyapriotesk's Antique Weapon Boutique.
 40721 | Depths:2 | Found Jushruoz's Magic Scroll Shop.
 41174 | Depths:2 | Found a runed gate.
 41174 | Depths:2 | Found a runed gate.
 41174 | Depths:2 | Found a runed gate.
 41287 | Depths:2 | Found a runed gate.
 41287 | Depths:2 | Found a runed gate.
 41293 | Depths:2 | Found a runed gate.
 41300 | Depths:2 | Noticed Meatbag's ghost (adept MiBe)
 41665 | Depths:2 | Found a one-way gate to the infinite horrors of the Abyss.
 42234 | Depths:3 | Reached XP level 24. HP: 238/238 MP: 30/30
 42513 | Depths:3 | Found Teuhiov's Weapon Emporium.
 43004 | Depths:4 | Noticed Mennas
 43005 | Depths:4 | Found a gateway to a ziggurat.
 43037 | Depths:4 | Killed Mennas
 43888 | Depths:4 | Noticed an ancient lich
 43905 | Depths:4 | Killed an ancient lich
 44323 | Depths:5 | Entered Level 5 of the Depths
 44884 | Depths:5 | Found a corrupted altar of Lugonu.
 45088 | Depths:5 | Found a gate to the Realm of Zot.
 45237 | Depths:5 | Reached XP level 25. HP: 252/252 MP: 30/30
 45354 | Zot:1    | Entered Level 1 of the Realm of Zot
 45467 | Zot:1    | Noticed an orb of fire
 45483 | Zot:1    | Killed an orb of fire
 45722 | Zot:1    | Noticed an ancient lich
 45731 | Zot:1    | Killed an ancient lich
 45948 | Zot:1    | Found the +27 Lear's hauberk
 45983 | Zot:1    | Reached skill level 27 in Evocations
 47155 | Zot:2    | Reached XP level 26. HP: 256/270 MP: 30/30
 49057 | Zot:4    | Reached XP level 27. HP: 288/288 MP: 29/29
 49482 | Zot:5    | Entered Level 5 of the Realm of Zot
 49573 | Zot:5    | Found a runed gate.
 49573 | Zot:5    | Found a runed gate.
 49573 | Zot:5    | Found a runed gate.
 49573 | Zot:5    | Noticed an ancient lich
 49573 | Zot:5    | Noticed ximxim's ghost (legendary DEFE)
 49613 | Zot:5    | Noticed an orb of fire
 49622 | Zot:5    | Gained mutation: You are weak. (Str -2) [an orb of fire]
 49627 | Zot:5    | Killed an orb of fire
 49627 | Zot:5    | Noticed an orb of fire
 49635 | Zot:5    | Gained mutation: You are occasionally teleported next to monsters. [an orb of fire]
 49639 | Zot:5    | Lost mutation: You are weak. (Str -2) [potion of mutation]
 49639 | Zot:5    | Lost mutation: You are occasionally teleported next to monsters. [potion of mutation]
 49639 | Zot:5    | Gained mutation: You are frail. (-10% HP) [potion of mutation]
 49639 | Zot:5    | Gained mutation: Your flesh is heat resistant. (rF+) [potion of mutation]
 49639 | Zot:5    | Gained mutation: Scrolls take you a little longer to read. [potion of mutation]
 49639 | Zot:5    | Lost mutation: You are frail. (-10% HP) [potion of mutation]
 49640 | Zot:5    | Killed an orb of fire
 49645 | Zot:5    | Noticed an ancient lich
 49646 | Zot:5    | Noticed an orb of fire
 49657 | Zot:5    | Killed an orb of fire
 49658 | Zot:5    | Killed an ancient lich
 50173 | Zot:5    | Got the Orb of Zot
 50361 | Depths:2 | Reached skill level 27 in Fighting
 50706 | D:$      | Escaped with the Orb!

Vault maps used:
D:1:      matt_arrival_los_fun
D:3:      uniq_ijyb
D:4:      minmay_temple_entry_glassed_door, serial_shops, kennysheep_mini_moat,
          first_ration
D:5:      lemuel_ice_spiral_2
D:6:      hellmonk_ghost_happy_afterlife, okawaru_metal_pillars_1_2
D:7:      grunt_dithmenos_smoke_and_mirrors
D:8:      grunt_ogre_cave, evilmike_ruin_ashenzari
D:9:      serial_shops, shop
D:11:     grunt_lair_entry_orc_guard_hut, orc_0_dummy, uniq_harold
D:12:     nicolae_trove_entry_diagonal, grunt_ministairs_10
D:13:     erik_vaults_1, serial_shops, nicolae_shop_window_shopping,
          minmay_radiant
D:14:     minmay_misc_feat_chi, kennysheep_potato
D:15:     gammafunk_depths_entry_grave, minmay_misc_feat_roman,
          hangedman_decor_slide_cut, uniq_kirke
Temple:   kilobyte_greek_temple
Lair:2:   nicolae_spider_entry_orb_guardian, special_room,
          ebering_ghost_rock_garden
Lair:3:   ebering_ghost_xom, minivault_27, serial_bayou_shore_b
Lair:4:   swamp_mist_pool, st_stairs_3, beast_lair_carwin_11,
          serial_bayou_shore_b, serial_bayou_shore_b, uniq_urug
Lair:5:   slime_altar_1, grunt_megastairs_3, uniq_josephine
Lair:6:   wormcave, hangedman_lair_caniforms_friends,
          nicolae_quartered_pool_little
Swamp:1:  cheibrodos_swamp_monstrosity, infiniplex_staircase_pool_2,
          uniq_frances
Swamp:2:  evilmike_swamp_ruin_house_2
Swamp:3:  evilmike_swamp_ruin_house_1, swamp_pool5
Swamp:4:  swamp_old_school, swamp_pool4, uniq_roxanne
Spider:2: nicolae_spider_webbed_stairs
Spider:3: uniq_arachne
Spider:4: johnstein_spider_rune_arachne_lair, portal_ice_cave_entry_pillars_four
Orc:1:    basic_altar, serial_shops
Orc:2:    grunt_orc_gardens, grunt_orc_garden, grunt_orc_garden,
          grunt_orc_garden, grunt_orc_garden
Elf:1:    minmay_elf_arrival_circle, serial_shops, shop,
          portal_desolation_entry_ruin
Elf:2:    basic_altar, minmay_misc_feat_ornament, uniq_louise
Elf:3:    elf_hall, serial_shops, nicolae_shop_stone, minmay_misc_feat_rows
Vaults:1: dpeg_vaults_monster_row, hangedman_vaults_nails,
          ontoclasm_vaults_shout, v_misc_5, vaults_dpeg_ring, v_misc_22,
          vaults_dpeg_hooks, vaults_room_semicircle, ontoclasm_vaults_eye,
          ontoclasm_vaults_hangar, nicolae_vaults_diagonal_hallway_8,
          infiniplex_enter_wizlab_water
Vaults:2: hangedman_vaults_maws, hangedman_vaults_variations, vaults_room_pool,
          v_pattern_2, hangedman_vaults_river_flow, nicolae_vaults_c_with_doors,
          nicolae_vaults_theta, ontoclasm_vaults_loading_screen, v_misc_19,
          vaults_room_fours, nicolae_vaults_border_crossing,
          vaults_room_mumra_shop_pool
Vaults:3: v_rooms_3, ontoclasm_vaults_spin, nicolae_vaults_three_branches,
          nicolae_vaults_yaktaur_gun_rack, minmay_crypt_entry_necro_gods,
          serial_shops, nicolae_shop_waterfront
Vaults:4: vaults_room_octagon, ontoclasm_vaults_ring_large,
          grunt_vaults_bifocal, hangedman_vaults_snaps, v_pattern_4,
          nicolae_vaults_network_s, ontoclasm_vaults_fault,
          nicolae_vaults_circle_grid_b, hangedman_vaults_trim, v_misc_25,
          dpeg_vaults_pockets_of_resistance, nicolae_vaults_network_quinsquares,
          v_misc_8
Vaults:5: serial_shops
Depths:1: pf_hell_entry_tar_river, minmay_fountain_box, rand_demon_pan_entry_1,
          hangedman_decor_diamond_cutter, horrible_house_mu, uniq_nikola
Depths:2: minmay_open_boxes_in_corner,
          ploomutoo_gammafunk_ghost_potion_laboratory, minmay_room_of_horrors,
          hell_entry, kennysheep_random_hallway, minmay_shoptagon
Depths:3: minmay_diamond_stairs, pan_entry, minmay_staircase_bubble,
          serial_shops, shop, grunt_mini_vestibule, hangedman_abyss_entry_splay,
          stair_cage_cross, hangedman_decor_growths
Depths:4: cell_vault, enter_ziggurat_a, hell_entry, minmay_misc_feat_tower,
          abyss_entry_crystal, spider_trap, infiniplex_staircase_door_maze,
          uniq_mennas
Depths:5: evilmike_zot_entry_diamond, hellmouth_3, abyss_entry_flame_altar,
          minivault_14
Zot:1:    lemuel_acid_trip, st_stairs_12, hangedman_zot_decor_tridents,
          hangedman_player_shredder
Zot:2:    grunt_ministairs_6, st_large_dragon_hoard_4
Zot:4:    kennysheep_six_static_rooms
Zot:5:    gammafunk_ghost_necromancy
Trove:    trove_wands_scrolls
IceCv:    ice_cave_caverns_01
WizLab:   wizlab_iskenderun

Skill      XL: |  1  2  3  4  5  6  7  8  9 10 11 12 13 14 15 16 17 18 19 20 21 22 23 24 25 26 27 |
---------------+----------------------------------------------------------------------------------+-----
Dodging        | 1 2 3 4 5 6 7 8 9 10 | 10.0
Fighting       | 3 4 5 6 7 8 9 10 11 12 13 14 15 16 17 18 20 22 24 27 | 27.0
Axes           | 3 4 5 6 7 8 10 11 12 13 14 15 16 | 16.0
Armour         | 4 5 6 7 8 9 10 11 12 13 14 15 16 17 18 19 20 21 22 | 22.0
Shields        | 4 5 6 7 8 9 10 11 12 13 14 15 16 17 18 19 20 | 20.0
Evocations     | 2 4 5 7 9 10 12 13 14 16 17 18 19 20 21 22 24 26 27 | 27.0
Invocations    | 1 3 5 7 8 |  8.0

Action                   |  1- 3 |  4- 6 |  7- 9 | 10-12 | 13-15 | 16-18 | 19-21 | 22-24 | 25-27 || total
-------------------------+-------+-------+-------+-------+-------+-------+-------+-------+-------++-------
Melee: War axe           |   126 |   180 |   380 |    18 |   328 |  2416 |  1338 |  2140 |  1639 ||  8565
       Hand axe          |       |       |    73 |   796 |  1376 |       |       |       |       ||  2245
Throw: Throwing net      |       |       |       |       |       |       |       |     1 |     2 ||     3
Invok: Minor Destruction |       |       |     1 |    36 |    11 |    21 |     2 |       |       ||    71
       Lesser Servant of |       |       |       |     2 |     8 |       |       |       |       ||    10
       Major Destruction |       |       |       |       |       |       |       |       |     4 ||     4
 Abil: Heal Wounds       |     1 |     6 |     8 |     6 |     8 |     3 |     8 |     5 |     5 ||    50
Evoke: Wand              |       |       |    15 |     7 |    56 |    86 |    18 |    24 |    44 ||   250
       Lightning rod     |       |       |       |       |    15 |     4 |       |     4 |       ||    23
       Lamp of fire      |       |       |       |       |     1 |     2 |     3 |     1 |       ||     7
  Use: Scroll            |       |       |    10 |     8 |     6 |    18 |    10 |    11 |    15 ||    78
       Potion            |       |       |     3 |       |       |    11 |     1 |       |     4 ||    19
 Stab: Paralysed         |       |       |       |       |    44 |    56 |       |       |       ||   100
       Held in net/web   |       |       |       |       |       |     1 |       |     2 |       ||     3
       Distracted        |       |       |       |       |       |       |       |     2 |       ||     2
  Eat: Chunk             |       |     4 |    14 |    20 |    25 |    25 |    12 |    29 |    17 ||   146
       Ration            |       |       |       |       |     2 |     6 |     1 |     2 |     4 ||    15
Armor: Scale mail        |    58 |    21 |       |       |       |       |       |       |       ||    79
       Chain mail        |       |    88 |   108 |   326 |   546 |       |       |       |       ||  1068
       Plate armour      |       |       |   166 |    19 |    54 |  1457 |   523 |   455 |   229 ||  2903
       Storm dragon scal |       |       |       |       |       |       |       |   194 |       ||   194
       Gold dragon scale |       |       |       |       |       |       |       |       |   723 ||   723
       Skin              |       |       |       |       |       |       |       |       |    13 ||    13
Dodge: Dodged            |    53 |    52 |   138 |   325 |   755 |  1185 |   347 |   448 |   546 ||  3849
Block: Shield            |    78 |    99 |   313 |   476 |  1107 |  1071 |       |       |       ||  3144
       Large shield      |       |       |       |       |       |  1194 |  1508 |  2143 |  2166 ||  7011
       Reflection        |       |       |       |       |       |     3 |    63 |    57 |    33 ||   156

Table legend:
 A = Spawn XP
 B = Non-spawn XP
 C = Spawn XP percentage of total XP
 D = Spawn monster count
 E = Non-spawn monster count
 F = Spawn count percentage of total count
 G = Total turns spent on level
                    A         B        C        D         E        F      G
               +---------+---------+-------+---------+---------+-------+---------
         Total |    5263 | 1672150 |   0.3 |       9 |    2509 |   0.4 | 50706
               +---------+---------+-------+---------+---------+-------+---------
           D:1 |       0 |      70 |   0.0 |       0 |      30 |   0.0 |   552
           D:2 |       0 |     257 |   0.0 |       0 |      24 |   0.0 |   764
           D:3 |       0 |     180 |   0.0 |       0 |      24 |   0.0 |   788
           D:4 |       0 |     617 |   0.0 |       0 |      24 |   0.0 |   969
           D:5 |       0 |     936 |   0.0 |       0 |      20 |   0.0 |  1212
           D:6 |       0 |    1038 |   0.0 |       0 |      15 |   0.0 |   863
           D:7 |       0 |     993 |   0.0 |       0 |      22 |   0.0 |   814
           D:8 |       0 |    2097 |   0.0 |       0 |      44 |   0.0 |   746
           D:9 |       0 |     985 |   0.0 |       0 |      19 |   0.0 |  1090
          D:10 |       0 |    2081 |   0.0 |       0 |      24 |   0.0 |   918
          D:11 |       0 |   12693 |   0.0 |       0 |      65 |   0.0 |  1382
          D:12 |       0 |    7742 |   0.0 |       0 |      45 |   0.0 |   826
          D:13 |       0 |   14962 |   0.0 |       0 |      28 |   0.0 |   748
          D:14 |       0 |   10356 |   0.0 |       0 |      27 |   0.0 |   834
          D:15 |       0 |   20247 |   0.0 |       0 |      53 |   0.0 |  1195
        Lair:1 |       0 |    1967 |   0.0 |       0 |       9 |   0.0 |   968
        Lair:2 |       0 |    4836 |   0.0 |       0 |      38 |   0.0 |  1286
        Lair:3 |       0 |    7773 |   0.0 |       0 |      19 |   0.0 |   719
        Lair:4 |       0 |    5334 |   0.0 |       0 |      21 |   0.0 |   647
        Lair:5 |       0 |    5540 |   0.0 |       0 |      22 |   0.0 |   796
        Lair:6 |       0 |   25583 |   0.0 |       0 |     103 |   0.0 |  1501
       Swamp:1 |       0 |   13496 |   0.0 |       0 |      32 |   0.0 |   839
       Swamp:2 |       0 |   13063 |   0.0 |       0 |      43 |   0.0 |   715
       Swamp:3 |       0 |   12139 |   0.0 |       0 |      37 |   0.0 |   828
       Swamp:4 |       0 |   30372 |   0.0 |       0 |      50 |   0.0 |  1070
      Spider:1 |       0 |    9660 |   0.0 |       0 |      21 |   0.0 |   776
      Spider:2 |       0 |   14249 |   0.0 |       0 |      46 |   0.0 |   697
      Spider:3 |       0 |   18922 |   0.0 |       0 |      49 |   0.0 |  1345
      Spider:4 |       0 |   51994 |   0.0 |       0 |     118 |   0.0 |  1632
         Orc:1 |       0 |    4674 |   0.0 |       0 |      29 |   0.0 |   414
         Orc:2 |       0 |   10397 |   0.0 |       0 |      64 |   0.0 |   752
         Elf:1 |       0 |   22251 |   0.0 |       0 |      36 |   0.0 |  1058
         Elf:2 |       0 |   14339 |   0.0 |       0 |      25 |   0.0 |   580
         Elf:3 |       0 |   54679 |   0.0 |       0 |      55 |   0.0 |  1260
      Vaults:1 |       0 |   30709 |   0.0 |       0 |      50 |   0.0 |  1255
      Vaults:2 |       0 |   76775 |   0.0 |       0 |     117 |   0.0 |  1462
      Vaults:3 |       0 |   28134 |   0.0 |       0 |      43 |   0.0 |  1316
      Vaults:4 |       0 |   65815 |   0.0 |       0 |     100 |   0.0 |  1293
      Vaults:5 |       0 |  194294 |   0.0 |       0 |     166 |   0.0 |  1613
      Depths:1 |       0 |   26579 |   0.0 |       0 |      38 |   0.0 |   983
      Depths:2 |       0 |   98722 |   0.0 |       0 |     112 |   0.0 |  1456
      Depths:3 |       0 |   47374 |   0.0 |       0 |      46 |   0.0 |   921
      Depths:4 |       0 |   73807 |   0.0 |       0 |      45 |   0.0 |  1360
      Depths:5 |       0 |   62501 |   0.0 |       0 |      72 |   0.0 |  1193
         Zot:1 |       0 |  136385 |   0.0 |       0 |      96 |   0.0 |  1451
         Zot:2 |       0 |   74071 |   0.0 |       0 |      43 |   0.0 |   978
         Zot:3 |       0 |   53041 |   0.0 |       0 |      31 |   0.0 |   623
         Zot:4 |       0 |   84080 |   0.0 |       0 |      53 |   0.0 |   987
         Zot:5 |       0 |  169275 |   0.0 |       0 |      65 |   0.0 |   757
       Abyss:2 |    5263 |    2748 |  65.7 |       9 |      11 |  45.0 |   245
         IceCv |       0 |    9540 |   0.0 |       0 |      60 |   0.0 |   522
    Desolation |       0 |   41778 |   0.0 |       0 |      80 |   0.0 |   515
               +---------+---------+-------+---------+---------+-------+---------
